 Dungeon Crawl Stone Soup version 0.30.0-29-ga12c61a403 (webtiles) character file.

Game seed: 14237964026165644435

87 monsoonserge the Ruffian (level 4, -1/37 HPs)
             Began as a Ghoul Gladiator on June 7, 2023.
             Was a Believer of Cheibriados.
             Slain by Ijyb
             ... wielding a +0 dagger
              (7 damage)
             ... on level 3 of the Dungeon.
             The game lasted 00:05:29 (1445 turns).

monsoonserge the Ruffian (Ghoul Gladiator)          Turns: 1445, Time: 00:05:30

Health: -1/37      AC:  0    Str: 25    XL:     4   Next: 51%
Magic:  0/3        EV: 13    Int:  9    God:    Cheibriados [**....]
Gold:   75         SH:  0    Dex: 16    Spells: 3/3 levels left

rFire   . .          .
                       - Unarmed
rCold   + . .        (no shield)
rNeg    + + +        a - +0 leather armour
rPois   ∞            b - +0 helmet
rElec   .            (no cloak)
rCorr   .            (no gloves)
SInv    .            (no boots)
Will    .....        (no amulet)
Stlth   +            (no ring)
HPRegen 0.00/turn    (no ring)
MPRegen 0.08/turn

%: no passive effects
@: corroded, inhibited regen, very slow
A: claws 1, cold resistance 1, negative energy resistance 3, inhibited
regeneration, torment resistance 2, devour on kill
a: Renounce Religion, Bend Time


You were on level 3 of the Dungeon.
You worshipped Cheibriados.
Cheibriados was pleased with you.
You visited 1 branch of the dungeon, and saw 3 of its levels.

You collected 89 gold pieces.
You spent 14 gold pieces at shops.

Inventory:

Missiles
 c - a throwing net (quivered)
 d - a javelin
 p - 9 poisoned darts
Armour
 a - a +0 leather armour (worn)
 b - a +0 helmet (worn)
Scrolls
 e - a scroll of fear {unknown}
 g - a scroll of enchant weapon {unknown}
 j - a scroll of vulnerability {unknown}
 k - a scroll of torment {unknown}
 l - a scroll of immolation {unknown}
 m - 2 scrolls of identify {unknown}
 n - a scroll of fog {unknown}
 o - a scroll of noise {unknown}
Potions
 f - 3 potions of flight {unknown}
 h - a potion of curing {unknown}
 i - a potion of lignification {unknown}
 q - a potion of brilliance {unknown}


   Skills:
 + Level 2.3 Fighting
 + Level 1.9 Throwing
 + Level 0.3 Armour
 + Level 3.0 Dodging
 + Level 0.2 Stealth
 * Level 5.0 Unarmed Combat
 * Level 0.7 Invocations


You had 3 spell levels left.
You didn't know any spells.
Your spell library contained the following spells:

 Spells                   Type           Power      Damage    Failure   Level
 Cigotuvi's Dreadful Rot  Necr/Pois/Air  0%         N/A       56%         2
 Dispel Undead            Necr           0%         3d6       99%         4
 Death Channel            Necr           0%         N/A       100%        6


Dungeon Overview and Level Annotations

Branches:
Dungeon (3/15)

Altars:
Cheibriados
Hepliaklqana

Shops:
D:3 !

Annotations:
D:3 Ijyb


Innate Abilities, Weirdness & Mutations

You are immune to poison.
You have sharp fingernails.
Your flesh is cold resistant. (rC+)
You are immune to negative energy. (rN+++)
You do not regenerate when monsters are visible.
You are immune to unholy pain and torment.
You thrive by killing the living.


Message History

Aim: Ijyb, wielding a +0 dagger, wearing a +0 ring mail and carrying a wand of acid (10) (57% to hit)
You throw a throwing net. The throwing net closely misses Ijyb.
Throw: 2 throwing nets
Press: ? - help, Q - select action, (/) - cycle Shift-Dir - straight line, f/p - Ijyb
Aim: Ijyb, wielding a +0 dagger, wearing a +0 ring mail and carrying a wand of acid (10) (57% to hit)
You throw a throwing net. The throwing net hits Ijyb.
Ijyb is caught in the net!
Ijyb struggles against the net.
A hobgoblin comes into view.
Ijyb struggles against the net.
The hobgoblin shouts!
Ijyb struggles against the net. x2
Ijyb struggles against the net.
You barely miss Ijyb.
Ijyb struggles against the net.
The net rips apart, and Ijyb comes free!
The flow of time bends around you.
Cheibriados rebukes Ijyb.
Ijyb seems to slow down.
Cheibriados rebukes the hobgoblin.
The hobgoblin seems to slow down.
The hobgoblin completely misses you. Ijyb screams, "Me kill you!"
Ijyb hits you with a +0 dagger.
You scratch Ijyb but do no damage. The hobgoblin barely misses you.
Ijyb hits you with a +0 dagger.
* * * LOW HITPOINT WARNING * * *
You scratch Ijyb but do no damage. You claw Ijyb, but do no damage.
You scratch Ijyb but do no damage. The hobgoblin hits you.
* * * LOW HITPOINT WARNING * * *
Ijyb barely misses you.
You closely miss Ijyb. You claw Ijyb!
Ijyb is moderately wounded.
The hobgoblin closely misses you. Ijyb hits you with a +0 dagger.
* * * LOW HITPOINT WARNING * * *
You closely miss Ijyb. You claw Ijyb.
Ijyb is moderately wounded.
You scratch Ijyb but do no damage.
Ijyb is moderately wounded.
Ijyb hits you with a +0 dagger!
You die...

#.#.......#.## #
##.....##.##
...####.####.##
#...........##
#.#...........
#.############
###########.#....#.....#
.....(......#.##.#..##.#
......g@....#.##.#<..#.#
......g.....#.##.#####.#
...........†.........>.#
...........##.#######..#
...........##..........#
...........##########.##
#####....### ..........
##+### #######.## #.#


You could see Ijyb (slow) and a hobgoblin (slow).

Vanquished Creatures
  3 adders (D:2)
  2 worms (D:2)
  A dart slug (D:1)
  6 endoplasms
  5 giant cockroaches
  8 hobgoblins
  2 kobolds
  A quokka (D:1)
  7 ball pythons
  5 bats
  3 goblins
  7 rats
50 creatures vanquished.

Notes
Turn   | Place    | Note
-------+----------+-------------------------------------------
     0 | D:1      | monsoonserge the Ghoul Gladiator began the quest for the
                  | Orb.
     0 | D:1      | Reached XP level 1. HP: 17/17 MP: 0/0
    46 | D:1      | Reached XP level 2. HP: 23/24 MP: 1/1
   163 | D:1      | Found a faded altar of an unknown god.
   166 | D:1      | Prayed at the altar of an unknown god.
   166 | D:1      | Became a worshipper of Cheibriados the Contemplative
   166 | D:1      | Reached * piety under Cheibriados
   335 | D:1      | Reached XP level 3. HP: 30/30 MP: 2/2
   445 | D:1      | Reached skill level 4 in Unarmed Combat
   646 | D:2      | Reached ** piety under Cheibriados
   778 | D:2      | Reached XP level 4. HP: 37/37 MP: 3/3
  1123 | D:2      | Reached skill level 5 in Unarmed Combat
  1353 | D:3      | Found a hazy altar of Hepliaklqana.
  1372 | D:3      | Found Meblal Daag's Distillery.
  1378 | D:3      | Bought a potion of degeneration for 14 gold pieces
  1430 | D:3      | Noticed Ijyb
  1445 | D:3      | Slain by Ijyb

Illustrated notes

Levels and vault maps discovered:
D:1:      onia_arrival_mini_spirals, layout_rooms,
          shapermc_ecumenical_altar_mp_vishouse
D:2:      layout_loops_ring, minmay_misc_feat_cross, serial_bayou_pond_d
D:3:      layout_basic, old_standard_altar, serial_shops,
          nicolae_shop_industrial_runoff, uniq_ijyb

Skill      XL: |  1  2  3  4 |
---------------+-------------+-----
Dodging        | 3 |  3.0
Unarmed Combat | 4 5 |  5.0
Fighting       | |  2.3
Throwing       | |  1.9
Armour         | |  0.3
Stealth        | |  0.2
Invocations    | |  0.7

Action                     |  1- 3 |  4- 6 || total
---------------------------+-------+-------++-------
  Melee: Unarmed           |    77 |    55 ||   132
         Punch             |       |     2 ||     2
  Throw: Throwing net      |       |     2 ||     2
 Invoke: Bend Time         |       |     1 ||     1
   Stab: Sleeping          |     1 |     1 ||     2
 Armour: Leather armour    |    18 |    20 ||    38
  Dodge: Dodged            |    42 |    34 ||    76
